 Dungeon Crawl Stone Soup version 0.27-a0-223-ge082b6e869 (webtiles) character file.

Game seed: 8630474019388003841

548 KristoblXynda the Shield-Bearer (level 7, -1/52 HPs)
             Began as a Formicid Fighter on Feb 1, 2021.
             Slain by Menkaure (14 damage)
             ... on level 4 of the Dungeon.
             The game lasted 00:03:32 (3805 turns).

KristoblXynda the Shield-Bearer (Formicid Fighter)  Turns: 3805, Time: 00:03:32

Health: -1/52      AC:  9    Str: 20    XL:     7   Next: 54%
Magic:  7/7        EV:  6    Int: 10    God:
Gold:   245        SH: 10    Dex: 10    Spells: 6/6 levels left

rFire    . . .     SeeInvis +   a - +0 war axe
rCold    . . .     Faith    .   c - +0 kite shield
rNeg     . . .     Spirit   .   v - +0 chain mail
rPois    .         Reflect  .   (helmet unavailable)
rElec    .         Harm     .   (no cloak)
rCorr    .         Rampage  .   (no gloves)
Will     .....                  (no boots)
Stlth    ..........             (no amulet)
HPRegen  0.17/turn              (no ring)
MPRegen  0.10/turn              (no ring)

@: brilliant
A: permanent stasis, dig shafts and tunnels, four strong arms, antennae 3
a: Dig, Shaft Self


You were on level 4 of the Dungeon.
You visited 1 branch of the dungeon, and saw 4 of its levels.

You collected 245 gold pieces.

Inventory:

Hand Weapons
 a - a +0 war axe (weapon)
 p - a +0 morningstar
Armour
 c - a +0 kite shield (worn)
 s - a +0 plate armour
 v - a +0 chain mail (worn)
Scrolls
 b - a scroll of teleportation {unknown}
 e - a scroll of amnesia {unknown}
 f - 4 scrolls of random uselessness {unknown}
 g - 4 scrolls of identify {unknown}
 h - a scroll of remove curse {unknown}
 k - a scroll of enchant armour {unknown}
 m - a scroll of immolation {unknown}
 n - 2 scrolls of magic mapping {unknown}
Potions
 d - a potion of might
 i - a potion of flight {unknown}
 j - a potion of curing
 l - 2 potions of brilliance
 o - 2 potions of heal wounds {unknown}
 q - a potion of berserk rage {unknown}
 r - a potion of degeneration {unknown}
 t - a potion of attraction {unknown}
 u - a potion of haste {unknown}


   Skills:
 - Level 3.3 Fighting
 * Level 5.6 Axes
 + Level 5.3 Armour
 + Level 5.7 Shields


You had 6 spell levels left.
You didn't know any spells.
Your spell library was empty.

Dungeon Overview and Level Annotations

Branches:
Dungeon (4/15)
 Temple: D:4-7

Altars:
Fedhas
Makhleb
Vehumet

Annotations:
D:4 Menkaure


Innate Abilities, Weirdness & Mutations

You cannot be hasted, slowed, berserked, paralysed or teleported.
You can dig through walls and to a lower floor.
Your four strong arms can wield two-handed weapons with a shield.
You have a pair of large antennae on your head. (SInv)


Message History

Menkaure calls on the powers of darkness!
Your body is wracked with pain!
* * * LOW HITPOINT WARNING * * *
You hit Menkaure.
Menkaure is lightly damaged.
Menkaure hits you but does no damage.
You barely miss Menkaure.
Menkaure is lightly damaged.
Menkaure hits you.
* * * LOW HITPOINT WARNING * * *
You hit Menkaure but do no damage.
Menkaure is lightly damaged.
Menkaure hits you but does no damage.
You completely miss Menkaure.
Menkaure is lightly damaged.
Menkaure hits you but does no damage.
You slash Menkaure!
Menkaure is severely damaged.
Menkaure hits you!
You die...

## #....##### #.
#........# #..
#........###### ...
#.............#
....#...#.........######
....#......##...........
......PPP.P##...........
.#+##.P)P.P##...........
....#.PP_PP##...@M......
......PPPP.####+##.....#
.......PP....# ..###
.............# .≈≈
.....#..#....+ ###
.....#..###.##
....##..###.#
....#.........
..<.'.........


You could see Menkaure.

Vanquished Creatures
  Sigmund (D:2)
  A centaur (D:4)
  A crimson imp (D:3)
  An orc priest (D:3)
  3 orc wizards (D:4)
  Terence (D:3)
  3 gnolls
  4 adders
  An ooze (D:2)
  An adder skeleton (D:3)
  A worm (D:2)
  2 dart slugs (D:2)
  3 leopard geckos
  11 orcs
  4 giant cockroaches
  6 goblins
  9 hobgoblins
  2 jackals (D:1)
  A ball python (D:3)
  4 bats
  5 frilled lizards
  4 kobolds
  4 rats
73 creatures vanquished.

Notes
Turn   | Place    | Note
-------+----------+-------------------------------------------
     0 | D:1      | KristoblXynda the Formicid Fighter began the quest for the
                  | Orb.
     0 | D:1      | Reached XP level 1. HP: 18/18 MP: 1/1
   249 | D:1      | Reached XP level 2. HP: 23/24 MP: 2/2
   634 | D:2      | Reached XP level 3. HP: 11/29 MP: 3/3
  1023 | D:2      | Reached XP level 4. HP: 23/35 MP: 4/4
  1491 | D:2      | Noticed Sigmund
  1505 | D:2      | Killed Sigmund
  1506 | D:2      | Reached XP level 5. HP: 9/41 MP: 5/5
  1506 | D:2      | Reached XP level 6. HP: 10/47 MP: 6/6
  2136 | D:3      | Noticed Terence
  2146 | D:3      | Killed Terence
  2147 | D:3      | Reached skill level 5 in Shields
  2752 | D:3      | Found a radiant altar of Vehumet.
  2752 | D:3      | Found a burning altar of Makhleb.
  2790 | D:3      | Reached skill level 5 in Axes
  2790 | D:3      | Reached XP level 7. HP: 46/52 MP: 7/7
  3053 | D:4      | Reached skill level 5 in Armour
  3628 | D:4      | Found a blossoming altar of Fedhas.
  3793 | D:4      | Noticed Menkaure
  3805 | D:4      | Slain by Menkaure

Illustrated notes

Levels and vault maps discovered:
D:1:      dpeg_arrival_shelter, layout_basic, lemuel_old_faithful
D:2:      layout_basic, uniq_sigmund
D:3:      layout_basic, grunt_temple_overflow_lords_of_destruction,
          dk_vineyard_3, uniq_terence
D:4:      layout_gridville, fedhas_bush_and_centaur_altar, serial_rivers,
          chequers_serial_rivers_micro_a, chequers_serial_rivers_small_3,
          chequers_serial_rivers_micro_b, chequers_serial_rivers_large_b,
          chequers_serial_rivers_marsh, uniq_menkaure

Skill      XL: |  1  2  3  4  5  6  7 |
---------------+----------------------+-----
Shields        | 4 5 |  5.7
Axes           | 3 4 5 |  5.6
Armour         | 4 5 |  5.3
Fighting       | |  3.3

Action                   |  1- 3 |  4- 6 |  7- 9 || total
-------------------------+-------+-------+-------++-------
Melee: War axe           |    81 |   110 |    61 ||   252
  Use: Potion            |       |       |     2 ||     2
Armor: Scale mail        |    42 |    47 |    11 ||   100
       Chain mail        |       |       |     8 ||     8
Dodge: Dodged            |    24 |    37 |    13 ||    74
Block: Kite shield       |    41 |    65 |    40 ||   146

Table legend: (Time is in decaauts)
 A = Elapsed time spent in this place.
 B = Non-inter-level travel time spent in this place.
 C = Inter-level travel time spent in this place.
 D = Time resting spent in this place.
 E = Time spent auto-exploring this place.
 F = Levels seen in this place.
 G = Mean time per level.
                   A        B        C        D        E       F      G
               +--------+--------+--------+--------+--------+-----+--------+
         Total |   3919 |   3834 |     85 |   1744 |   1454 |   4 |  979.8 |
       Dungeon |   3919 |   3834 |     85 |   1744 |   1454 |   4 |  979.8 |
               +--------+--------+--------+--------+--------+-----+--------+

Top non-repeatable levels by time:
     D:2: 1691 daAuts
     D:3: 855 daAuts
     D:4: 788 daAuts
     D:1: 584 daAuts
